 Dungeon Crawl Stone Soup version 0.20-a0-957-g47ad1fd (webtiles) character file.

70 krabocopter the Charmwright (level 4, -4/51 HPs)
             Began as a Human Skald on Apr 5, 2017.
             Slain by a worm (5 damage)
             ... on level 2 of the Dungeon.
             The game lasted 00:05:51 (2072 turns).

krabocopter the Charmwright (Human Skald)           Turns: 2072, Time: 00:05:52

Health: -4/51      AC: 22    Str: 16    XL:     4   Next: 44%
Magic:  5/7        EV:  2    Int: 20    God:
Gold:   83         SH:  0    Dex: 12    Spells: 4/7 levels left

rFire    + . .     SeeInvis .   a - +0 mace
rCold    + . .     Gourm    .   (no shield)
rNeg     + + +     Faith    .   (armour currently unavailable)
rPois    +         Spirit   .   (helmet currently unavailable)
rElec    +         Reflect  .   (cloak currently unavailable)
rCorr    +         Harm     .   (gloves currently unavailable)
MR       .....     NoTele   +   (boots currently unavailable)
Stlth    +.........             (no amulet)
Regen    0.2/turn               (no ring)
MPRegen  0.1/turn               (no ring)

@: mighty, brilliant, tree-form, resistant
A: no striking features
a: no special abilities


You were on level 2 of the Dungeon.
You were not hungry.
You were a tree.
You visited 1 branch of the dungeon, and saw 2 of its levels.

You collected 83 gold pieces.

Inventory:

Hand Weapons
 a - a +0 mace (weapon)
Armour
 b - a +0 leather armour (melded)
Scrolls
 e - a scroll of random uselessness {unknown}
 j - a scroll of remove curse {unknown}
 k - a scroll of identify {unknown}
 l - a scroll of amnesia {unknown}
 m - a scroll of immolation {unknown}
 n - a scroll of enchant armour {unknown}
 o - a scroll of magic mapping {unknown}
 r - a scroll of enchant weapon {unknown}
Potions
 q - a potion of curing {unknown}
 s - a potion of degeneration {unknown}
 t - a potion of flight {unknown}
Books
 c - a book of Battle

   Spells                             Type                      Level
   a - Infusion                       Charms                       1
   b - Shroud of Golubria             Charms/Translocation         2
   c - Song of Slaying                Charms                       2
   d - Spectral Weapon                Hexes/Charms                 3
   e - Regeneration                   Charms/Necromancy            3
Comestibles
 d - a bread ration
 i - 2 chunks of flesh


   Skills:
 + Level 2.6 Fighting
 * Level 3.1 Maces & Flails
 - Level 1.0 Armour
 - Level 2.0 Dodging
 - Level 2.0 Spellcasting
 * Level 3.8 Charms


You had 4 spell levels left.
You knew the following spells:

 Your Spells              Type           Power        Failure   Level  Hunger
a - Infusion              Chrm           ####         1%          1    #......
b - Song of Slaying       Chrm           ####....     1%          2    ##.....


Dungeon Overview and Level Annotations

Branches:
Dungeon (2/15)

Altars:
Sif Muna
Trog
Zin


Message History

The worm bites you but does no damage.
You take 4 damage, and have 2/34 hp.
The hobgoblin hits you.
* * * LOW HITPOINT WARNING * * *
You take 1 damage, and have 1/34 hp.
It was a potion of lignification.
You turn into a tree.
Your +0 leather armour melds into your body.
Your roots penetrate the ground.
The hobgoblin hits you but does no damage.
You now have 1/51 hp.
It was a potion of might.
You feel very mighty all of a sudden.
The hobgoblin hits you but does no damage.
It was a potion of brilliance.
You feel clever all of a sudden.
The hobgoblin hits you but does no damage.
It was a potion of resistance.
You feel protected. The hobgoblin barely misses you. The worm bites you.
You die...

# ######).##.
.#.......##.
..........##.
######.##.......###
#(......####....###
#.......# #.......
#.......####..#####
#.........##......#
#######g♣.....#.##.####..
#......w......#.##...##..
#.......##....[....#.##..
#.......#..........#.##..
#.......#..........# ##..
#.......#...###)#### ##.
#.......##### #.# #.
#.......# #...# ##
######### #.##.


You could see a worm and a hobgoblin.

Vanquished Creatures
  An adder (D:2)
  2 dart slugs
  A leopard gecko (D:1)
  8 bats
  4 giant cockroaches
  6 goblins
  A hobgoblin (D:1)
  8 jackals (D:1)
  A quokka (D:2)
  A ball python (D:2)
  3 frilled lizards (D:2)
  8 kobolds
  6 rats
50 creatures vanquished.

Notes
Turn   | Place    | Note
-------+----------+-------------------------------------------
     0 | D:1      | krabocopter the Human Skald began the quest for the Orb.
     0 | D:1      | Reached XP level 1. HP: 16/16 MP: 3/3
   247 | D:1      | Reached XP level 2. HP: 22/22 MP: 5/5
   908 | D:1      | Reached XP level 3. HP: 27/27 MP: 6/6
  1551 | D:2      | Reached XP level 4. HP: 22/34 MP: 7/7
  1675 | D:2      | Found a bloodstained altar of Trog.
  1675 | D:2      | Found a deep blue altar of Sif Muna.
  1677 | D:2      | Found a glowing silver altar of Zin.
  1691 | D:2      | Learned a level 2 spell: Song of Slaying
  2066 | D:2      | HP: 1/34 [hobgoblin (2)]
  2072 | D:2      | Slain by a worm

Vault maps used:
D:1:      matt_arrival_diagonals, bh_walls_and_bars
D:2:      minmay_door_path, nicolae_overflow_hidden_temple

Skill      XL: |  1  2  3  4 |
---------------+-------------+-----
Maces & Flails | 3 |  3.1
Fighting       | |  2.6
Armour         | |  1.0
Dodging        | |  2.0
Spellcasting   | |  2.0
Charms         | |  3.8

Action                   |  1- 3 |  4- 6 || total
-------------------------+-------+-------++-------
Melee: Mace              |   143 |    60 ||   203
 Cast: Infusion          |     1 |     2 ||     3
  Use: Potion            |       |     4 ||     4
  Eat: Chunk             |     2 |     2 ||     4
Armor: Leather armour    |    51 |    17 ||    68
       Skin              |       |     3 ||     3
Dodge: Dodged            |   124 |    54 ||   178
